 Dungeon Crawl Stone Soup version 0.22-a0-40-g3d2f077 (webtiles) character file.

469 Faca the Spear-Bearer (level 7, -6/53 HPs)
             Began as a Merfolk Gladiator on Jan 4, 2018.
             Mangled by a slave (8 damage)
             ... led by Pikel
             ... on level 4 of the Dungeon.
             The game lasted 00:10:03 (4331 turns).

Faca the Spear-Bearer (Merfolk Gladiator)           Turns: 4331, Time: 00:10:03

Health: -6/53      AC:  8    Str: 14    XL:     7   Next: 9%
Magic:  7/7        EV: 13    Int:  8    God:
Gold:   161        SH:  0    Dex: 17    Spells: 6/6 levels left

rFire    . . .     SeeInvis .   a - +1 trident
rCold    . . .     Gourm    .   (no shield)
rNeg     . . .     Faith    .   g - +0 ring mail
rPois    .         Spirit   .   c - +1 helmet
rElec    .         Reflect  .   (no cloak)
rCorr    .         Harm     .   (no gloves)
MR       .....     Rnd*Tele +   (no boots)
Stlth    +.........             p - amulet of inaccuracy (curse)
HPRegen  0.17/turn              h - ring of teleportation (curse)
MPRegen  0.10/turn              i - +1 ring of protection

@: drained
A: change form in water, swift swim, stealthy swim
a: no special abilities


You were on level 4 of the Dungeon.
You were not hungry.

You visited 1 branch of the dungeon, and saw 4 of its levels.

You collected 161 gold pieces.

Inventory:

Hand Weapons
 a - a +1 trident (weapon)
Missiles
 d - 2 throwing nets (quivered)
Armour
 c - a +1 helmet (worn)
 g - a +0 ring mail (worn)
Jewellery
 b - a +4 amulet of reflection
 h - a cursed ring of teleportation (left hand)
 i - a +1 ring of protection (right hand)
 p - a cursed amulet of inaccuracy (around neck)
 q - an uncursed ring of resist corrosion
Scrolls
 k - a scroll of enchant weapon
 n - a scroll of fear
 r - a scroll of identify
Potions
 e - 2 potions of mutation
 j - a potion of haste
 l - 2 potions of lignification
 m - a potion of berserk rage
 o - 3 potions of curing
 s - a potion of invisibility
Comestibles
 f - 6 rations


   Skills:
 + Level 3.8(3.1) Fighting
 + Level 8.3(7.5) Polearms
 - Level 2.0(1.3) Throwing
 - Level 1.3(0.7) Armour
 + Level 5.4(4.7) Dodging
 * Level 2.5(1.9) Stealth


You had 6 spell levels left.
You didn't know any spells.

Dungeon Overview and Level Annotations

Branches:
Dungeon (4/15)
 Temple: D:4-7

Altars:
Ashenzari
Cheibriados
Zin

Annotations:
D:4 Pikel


Message History

The slave closely misses you. Pikel hits you but does no damage.
The frilled lizard barely misses you. The slave hits you.
* * * LOW HITPOINT WARNING * * *
The slave closely misses you.
You completely miss Pikel.
Pikel is heavily wounded.
The slave hits you but does no damage. Pikel hits you but does no damage.
The frilled lizard bites you.
* * * LOW HITPOINT WARNING * * *
The slave closely misses you. The slave misses you.
You barely miss Pikel.
Pikel is heavily wounded.
The slave misses you. Pikel hits you but does no damage.
The frilled lizard bites you but does no damage.
The slave closely misses you. The slave hits you.
* * * LOW HITPOINT WARNING * * *
You miss Pikel.
Pikel is heavily wounded.
The slave hits you!
You die...

######## #......#
#......#
######......#
..#....p......###
......lp@........
..#....pKl.......
.................
.................
.....###.........
..... ######....
# .... .... ##
.... ### #. #.


You could see Pikel, 3 slaves and 2 frilled lizards.

Vanquished Creatures
  A slave (D:3)
  An ogre (D:3)
  The ghost of Snicker the Sneak, a weakling DsAs (D:3)
  A hound (D:3)
  An orc priest (D:4)
  2 orc wizards (D:4)
  A centaur skeleton (D:4)
  Natasha (D:4)
  3 gnolls (D:4)
  6 adders
  An ooze (D:3)
  2 worms (D:2)
  6 leopard geckos
  6 orcs
  4 giant cockroaches
  5 goblins
  10 hobgoblins
  7 jackals
  3 quokkas
  A ball python (D:2)
  7 bats
  7 frilled lizards
  10 kobolds
  6 rats
93 creatures vanquished.

Notes
Turn   | Place    | Note
-------+----------+-------------------------------------------
     0 | D:1      | Faca the Merfolk Gladiator began the quest for the Orb.
     0 | D:1      | Reached XP level 1. HP: 16/16 MP: 1/1
   204 | D:1      | Reached XP level 2. HP: 20/22 MP: 2/2
   647 | D:2      | Reached skill level 5 in Polearms
   745 | D:2      | Found a shattered altar of Ashenzari.
   748 | D:2      | Found a snail-covered altar of Cheibriados.
   770 | D:2      | Reached XP level 3. HP: 28/28 MP: 3/3
  1029 | D:2      | Found a faded altar of an unknown god.
  1039 | D:2      | Reached XP level 4. HP: 25/34 MP: 4/4
  1157 | D:2      | Reached skill level 1 in Armour
  1692 | D:3      | Reached skill level 6 in Polearms
  1692 | D:3      | Reached XP level 5. HP: 37/40 MP: 5/5
  2470 | D:3      | Noticed Snicker's ghost (weakling DsAs)
  2482 | D:3      | Killed Snicker's ghost
  2482 | D:3      | Reached skill level 7 in Polearms
  2482 | D:3      | Reached skill level 1 in Stealth
  2660 | D:4      | Noticed an ogre
  2682 | D:4      | Reached skill level 5 in Dodging
  2682 | D:4      | Reached XP level 6. HP: 18/47 MP: 6/6
  2700 | D:4      | Noticed Natasha
  3131 | D:4      | Noticed Pikel
  3131 | D:4      | Noticed a slave
  3131 | D:4      | Noticed a slave
  3131 | D:4      | Noticed a slave
  3131 | D:4      | Noticed a slave
  3149 | D:3      | Killed a slave
  3716 | D:4      | Found a glowing silver altar of Zin.
  3799 | D:4      | Killed Natasha
  3980 | D:4      | Reached skill level 8 in Polearms
  4006 | D:4      | Reached XP level 7. HP: 18/53 MP: 7/7
  4330 | D:4      | HP: 2/53 [slave[Pikel] (2)]
  4331 | D:4      | Mangled by a slave

Vault maps used:
D:1:      eino_arrival_water_star
D:2:      minitemple, chequers_ecumenical_altar_simple_redux, first_ration,
          kennysheep_generic_room_14
D:4:      zin_academy, serial_shops, shop, uniq_pikel, uniq_natasha

Skill      XL: |  1  2  3  4  5  6 |
---------------+-------------------+-----
Polearms       | 5 6 7 8 |  8.3
Armour         | 1 |  1.3
Fighting       | 3 |  3.8
Stealth        | 1 2 |  2.5
Dodging        | 5 |  5.4
Throwing       | |  2.0

Action                   |  1- 3 |  4- 6 |  7- 9 || total
-------------------------+-------+-------+-------++-------
Melee: Trident           |   142 |   256 |    57 ||   455
Throw: Throwing net      |       |       |     1 ||     1
  Use: Scroll            |     7 |     6 |     1 ||    14
 Stab: Sleeping          |     1 |       |       ||     1
       Held in net/web   |       |       |     1 ||     1
  Eat: Chunk             |       |     2 |       ||     2
       Ration            |       |     3 |       ||     3
Armor: Leather armour    |     8 |       |       ||     8
       Ring mail         |    22 |    80 |    17 ||   119
Dodge: Dodged            |    85 |   152 |    38 ||   275
Block: Other             |       |     1 |       ||     1

Table legend:
 A = Spawn XP
 B = Non-spawn XP
 C = Spawn XP percentage of total XP
 D = Spawn monster count
 E = Non-spawn monster count
 F = Spawn count percentage of total count
 G = Total turns spent on level
                    A         B        C        D         E        F      G
               +---------+---------+-------+---------+---------+-------+---------
         Total |       0 |     671 |   0.0 |       0 |      92 |   0.0 |  4331
               +---------+---------+-------+---------+---------+-------+---------
           D:1 |       0 |      24 |   0.0 |       0 |      16 |   0.0 |   643
           D:2 |       0 |     104 |   0.0 |       0 |      33 |   0.0 |  1036
           D:3 |       0 |     274 |   0.0 |       0 |      26 |   0.0 |  1851
           D:4 |       0 |     269 |   0.0 |       0 |      17 |   0.0 |   801
               +---------+---------+-------+---------+---------+-------+---------
